[Event "Live Chess"]
[Site "Chess.com"]
[Date "2023.05.21"]
[Round "-"]
[White "Crowded_House"]
[Black "martynstanley"]
[Result "1-0"]
[WhiteElo "1664"]
[BlackElo "1015"]
[TimeControl "300"]
[EndTime "2:41:06 PDT"]
[Termination "Crowded_House won by checkmate"]

1. d4 e6 2. Nf3 d5 3. Bg5 f6 4. Bh4 c5 5. c3 Nc6 6. e3 Qa5 7. Nbd2 cxd4 8. Nb3 Qb6 9. Nfxd4 Nxd4 10. Qxd4 Qxd4 11. Nxd4 e5 12. Nb5 Kd7 13. Be2 a6 14.
Bg4+ Kc6 15. Bxc8 Rxc8 16. Na3 g5 17. Bg3 Ne7 18. O-O Kd7 19. Rac1 Bg7 20. c4 Rc7 21.
cxd5 Rxc1 22. Rxc1 Rc8 23. Rxc8 Kxc8 24. e4 Kd7 25.
Kf1 Kd6 26. Ke2 h5 27. f3 h4 28. Bf2 Nc8 29. Nc4+ Kd7 30. Kd3 Bf8 31. Nb6+ Kc7 32.
Nxc8 Kxc8 33. a4 Kc7 34. Kc4 b6 35. b4 Bd6 36. b5 axb5+ 37. Kxb5 Bc5 38. Bxc5 bxc5 39.
Kxc5 Kb7 40. Kd6 f5 41. Kxe5 fxe4 42. fxe4 g4 43. Kf4 g3 44. hxg3 hxg3 45. Kxg3 Kc7 46. Kf4 Kd6 47. g4 Ke7 48. Ke5 Kd7 49. g5 Ke7 50. g6 Kf8 51. Kf6 Kg8 52. a5 Kf8 53. a6 Ke8 54. a7 Kd7 55. a8=R Kc7 56. g7 Kd6 57. g8=R Kc5 58. Rgc8+ Kd4 59. d6 Kxe4 60. d7 Ke3 61. d8=Q Kf4 62. Rc4+ Kg3 63.
Qd3+ Kg2 64. Rc2+ Kg1 65. Qd1# 1-0

[Event "Live Chess"]
[Site "Chess.com"]
[Date "2023.05.21"]
[Round "-"]
[White "LiamClery2020"]
[Black "JackCheetham1"]
[Result "1-0"]
[WhiteElo "1986"]
[BlackElo "1704"]
[TimeControl "300"]
[EndTime "2:41:46 PDT"]
[Termination "LiamClery2020 won by resignation"]

1. e4 d6 2. d4 Nf6 3. Nc3 g6 4. f3 Bg7 5. Be3 O-O 6. Qd2 Nbd7 7. Bh6 e5 8. Bxg7 Kxg7 9. Nge2 exd4 10. Nxd4 Re8 11.
O-O-O Qe7 12. Qg5 h6 13. Nf5+ Kh7 14. Qxh6+ 1-0

[Event "Live Chess"]
[Site "Chess.com"]
[Date "2023.05.21"]
[Round "-"]
[White "CheckThis4"]
[Black "EdenHazard8"]
[Result "1-0"]
[WhiteElo "2495"]
[BlackElo "1976"]
[TimeControl "300"]
[EndTime "2:41:50 PDT"]
[Termination "CheckThis4 won on time"]

1. d4 Nf6 2. Nf3 e6 3. c4 d5 4. g3 dxc4 5. Bg2 Bb4+ 6. Bd2 a5 7. O-O O-O 8. a3 Bxd2 9. Nbxd2 b5 10. a4 c6 11. Qc2 Nd5 12. axb5 cxb5 13. b3 c3 14. Ne4 b4 15. Nc5 Nd7 16. e4 Nc7 17. Nd3 Nb5 18. h4 Nb6 19. d5 exd5 20. exd5 Bf5 21.
h5 Qxd5 22. Nfe5 Bxd3 23. Nxd3 Nd4 24. Qd1 Qxb3 25. Qg4 Ne6 26. Bxa8 Rxa8 27. h6 Qc4 28. Nf4 g6 29. Rfe1 Nxf4 30. gxf4 b3 31. Qf3 Rf8 32.
Qb7 b2 33. Qxb6 bxa1=Q 34. Rxa1 Qxf4 35. Qxa5 Qxh6 36. Qxc3 Qg5+ 37. Kf1 Re8 38. Rd1 Qe5 39. Qf3 Qb5+ 40. Kg2 Qg5+ 41. Kf1 Re6 42. Qa8+ Kg7 43.
Qa1+ Qf6 44. Qa2 h5 45. Qd2 Qh4 46. Qc3+ Rf6 47. Rd2 Qh1+ 48. Ke2 Qe4+ 49. Kd1 Qb1+ 50. Ke2 Qe4+ 51. Kd1 Qf3+ 52. Qxf3 Rxf3 53. Ke2 Rf5 54. Kf1 f6 55. Kg2 Kh6 56. Rd4 h4 57. Rxh4+ Kg5 58. Rc4 Rf4 59. Rc5+ f5 60. Rc3 Rg4+ 61. Kf3 Rf4+ 62. Kg3 Rg4+ 63. Kf3 Rh4 64. Rc8 Rh3+ 65. Kg2 Rh4 66. Rc7 Rg4+ 67. Kf3 Rf4+ 68. Kg3 Rg4+ 69. Kf3 Rf4+ 70. Kg2 Rg4+ 71. Kf1 Rf4 72. Ke2 Rg4 73. Rc3 Ra4 74. Rg3+ Kf6 75. Re3 Ra2+ 76. Kf1 Ra4 77. Kg2 Rf4 78. Rd3 Kg5 79. Rd2 Kh5 80.
Rd3 Rg4+ 81. Kh2 Rg5 82. Rh3+ Kg4 83. Rg3+ Kf4 84. Re3 Rg4 85. Rh3 Rh4 86. Rxh4+ Kg5 87. Rh3 Kf6 88. Rg3 g5 89. Rg4 Ke5 90. Rxg5 1-0

[Event "Live Chess"]
[Site "Chess.com"]
[Date "2023.05.21"]
[Round "-"]
[White "JanMur7"]
[Black "domrobson"]
[Result "1-0"]
[WhiteElo "1960"]
[BlackElo "1699"]
[TimeControl "300"]
[EndTime "2:41:57 PDT"]
[Termination "JanMur7 won by resignation"]

1. e4 e5 2. Nf3 Nc6 3. Nc3 Nf6 4. Nxe5 Nxe5 5. d4 Ng6 6. e5 Ng8 7. Bc4 d6 8. Qf3 Be6 9. Qxb7 Bxc4 10. Qc6+ Ke7 11.
Qxc4 Qd7 12. exd6+ cxd6 13. O-O Nf6 14. Bg5 Kd8 15. Qd5 Rc8 16. Ne4 Ne7 17. Bxf6 gxf6 18. Qxf7 Qe8 19. Qxe8+ Kxe8 20. Nxd6+ Kd7 21. Nxc8 Kxc8 1-0

[Event "Live Chess"]
[Site "Chess.com"]
[Date "2023.05.21"]
[Round "-"]
[White "Pandreq"]
[Black "TheSmoulderingMaster"]
[Result "0-1"]
[WhiteElo "1234"]
[BlackElo "1722"]
[TimeControl "300"]
[EndTime "2:42:01 PDT"]
[Termination "TheSmoulderingMaster won by resignation"]

1. d4 Nf6 2. c4 d6 3. Nc3 g6 4. Bf4 Bg7 5. e3 O-O 6. Bd3 c6 7. Nf3 Qb6 8. b3 Nbd7 9. Ne4 Nh5 10. Bg3 Nxg3 11. Nxg3 e5 12. dxe5 dxe5 13. Ne4 Nc5 14. O-O Rd8 15. Nxc5 Qxc5 16. e4 Bg4 17. Qe2 Rd7 18. Rad1 Rad8 19. Rd2 Bh6 20. h3 Bxf3 21.
Qxf3 Bxd2 22. Rd1 Bf4 23. Bc2 Rxd1+ 24. Bxd1 Qd4 25. g3 Qxd1+ 26. Kg2 Qxf3+ 27. Kxf3 Bc1 0-1

[Event "Live Chess"]
[Site "Chess.com"]
[Date "2023.05.21"]
[Round "-"]
[White "WombatIn_A_Box"]
[Black "Delacorta"]
[Result "0-1"]
[WhiteElo "555"]
[BlackElo "1398"]
[TimeControl "300"]
[EndTime "2:42:04 PDT"]
[Termination "Delacorta won by checkmate"]

1. Nf3 e6 2. e4 d5 3. Nc3 Nf6 4. d3 Bb4 5. a3 Bxc3+ 6. bxc3 dxe4 7. dxe4 Qxd1+ 8. Kxd1 Nxe4 9. Be3 Nxc3+ 10. Kd2 Ne4+ 11. Kd3 Nf6 12. Kd2 O-O 13. Bc4 Rd8+ 14. Ke2 b6 15.
Rhd1 Rxd1 16. Rxd1 Nc6 17. Bb5 Bb7 18. Bxc6 Bxc6 19.
Nd4 Bb7 20. Nb5 Ba6 21. c4 Bxb5 22. cxb5 Ne4 23. Rd7 Nc3+ 24. Kd3 Nxb5 25. a4 Nd6 26. Rxc7 b5 27. axb5 Nxb5 28. Rb7 Nd6 29. Rd7 Nf5 30.
Bxa7 f6 31. g4 Nh4 32. f4 Ng6 33. f5 exf5 34. gxf5 Nf4+ 35. Ke4 Ng2 36. Kd5 Nf4+ 37. Kd6 Nd3 38. Ke7 Ne5 39. Rd8+ Rxd8 40. Kxd8 Nc6+ 41.
Kd7 Nxa7 42. Ke6 Nb5 43. h4 Nd4+ 44. Kd5 Nxf5 45. h5 Ng3 46. Ke6 Nxh5 47. Kf5 Kf7 48. Kg4 g6 49. Kh4 Ke6 50. Kh3 Ke5 51. Kh4 Ke4 52. Kh3 f5 53. Kh4 f4 54. Kg4 Ke3 55. Kh3 f3 56. Kh4 f2 57. Kg5 f1=Q 58. Kh6 Qf4+ 59.
Kxh7 Qf7+ 60. Kh6 Qf4+ 61. Kh7 g5 62. Kh6 g4+ 63. Kxh5 g3 64. Kg6 g2 65. Kg7 g1=Q+ 66. Kh7 Qh4# 0-1

[Event "Live Chess"]
[Site "Chess.com"]
[Date "2023.05.21"]
[Round "-"]
[White "Denz14"]
[Black "Long1968"]
[Result "1-0"]
[WhiteElo "1047"]
[BlackElo "961"]
[TimeControl "300"]
[EndTime "2:42:17 PDT"]
[Termination "Denz14 won on time"]

1. d4 e6 2. Bf4 c5 3. e3 Nc6 4. c3 cxd4 5. exd4 g5 6. Bg3 Bg7 7. Nf3 h6 8. Bd3 Nge7 9. Na3 a6 10.
O-O O-O 11. Bb1 Nf5 12. Be5 Nxe5 13. Nxe5 Bxe5 14. dxe5 b5 15. Qd3 h5 16. h3 Qc7 17. g4 hxg4 18. hxg4 Qxe5 19. gxf5 exf5 20. Qxf5 Qxf5 21. Bxf5 d5 22. Bxc8 Raxc8 23. Nc2 a5 24. Rae1 Rfd8 25. Nd4 b4 26. cxb4 axb4 27. Re5 f6 28.
Rf5 Kg7 29. Ne6+ Kg6 30. Rxf6+ Kxf6 31. Nxd8 Rxd8 32. Rd1 d4 33. Kf1 Ke5 34. Ke2 Ke4 35. Rd3 g4 36. b3 1-0

[Event "Live Chess"]
[Site "Chess.com"]
[Date "2023.05.21"]
[Round "-"]
[White "lateforthesky"]
[Black "FMOlexandrProhorov"]
[Result "0-1"]
[WhiteElo "2116"]
[BlackElo "2181"]
[TimeControl "300"]
[EndTime "2:42:27 PDT"]
[Termination "FMOlexandrProhorov won on time"]

1. e4 c5 2. Nf3 e6 3. c3 Nf6 4. e5 Nd5 5. d4 cxd4 6. cxd4 Nc6 7. Bc4 d6 8. O-O dxe5 9. dxe5 Ndb4 10. Qxd8+ Nxd8 11. Na3 Ndc6 12. Nb5 Kd8 13. Bg5+ Be7 14.
Rad1+ Bd7 15. Nd6 Bxg5 16. Nxf7+ Ke7 17. N7xg5 Rac8 18. a3 Na6 19. Bd3 Nc5 20. Bxh7 Rcf8 21. b4 Na4 22. Rfe1 Nc3 23. Rd3 Nd5 24. Red1 Be8 25. Be4 Nf4 26. R3d2 Rh5 27. g3 Nh3+ 28. Nxh3 Rxh3 29. Kg2 Rh5 30. b5 Nxe5 31. Nxe5 Rxe5 32.
Bxb7 Bxb5 33. f4 Rc5 34. Bf3 Rfc8 35. h4 Rc3 36. Re1 Rxa3 37. f5 Bd7 38. fxe6 Be8 39. Rb2 Rcc3 40. Rb7+ Kf6 41. Bd5 Rxg3+ 42. Kf2 Rgd3 43.
Be4 Rh3 44. Kg2 Rxh4 45. e7 Rg4+ 46. Kh2 Ra2+ 47. Kh3 Rg5 48. Bd5 Rxd5 49. Rf1+ Kg6 0-1

[Event "Live Chess"]
[Site "Chess.com"]
[Date "2023.05.21"]
[Round "-"]
[White "Ian-Morley"]
[Black "Berdgross"]
[Result "1/2-1/2"]
[WhiteElo "1075"]
[BlackElo "663"]
[TimeControl "300"]
[EndTime "2:42:34 PDT"]
[Termination "Game drawn - insufficient material"]

1. d4 d5 2. Nf3 e6 3. Bf4 Nc6 4. e3 Nf6 5. Bb5 a6 6. Bxc6+ bxc6 7. c3 c5 8. Nbd2 cxd4 9. exd4 Ne4 10. Nxe4 dxe4 11. Ne5 Bd6 12. Qe2 Bxe5 13. Bxe5 Qg5 14. Qxe4 Rb8 15. Bxc7 Rxb2 16. Qc6+ Bd7 17. Qa8+ Ke7 18.
Qf3 Qd2+ 19. Kf1 Bb5+ 20. Kg1 Be2 21. Bd6+ Kxd6 22. Qg3+ Ke7 23. Qc7+ Kf6 24. g3 Bd3 25. Qf4+ Qxf4 26. gxf4 Rb1+ 27. Rxb1 Bxb1 28. Kg2 Bxa2 29. Ra1 Bc4 30. Kf3 Rb8 31. Ra5 Rb3 32. d5 Rxc3+ 33.
Ke4 exd5+ 34. Kd4 Rd3+ 35. Kc5 Rd2 36. h4 Rxf2 37. Ra1 Rxf4 38. Rb1 Rxh4 39. Rb6+ Ke7 40. Rb7+ Kf6 41. Rb6+ Kf5 42. Rb7 g5 43. Rxf7+ Ke6 44. Rf8 g4 45. Kc6 g3 46. Re8+ Kf7 47. Re1 Rh3 48.
Rg1 g2 49. Rxg2 h5 50. Rf2+ Kg6 51. Rf8 Kg5 52. Kd6 h4 53. Ke5 Kg4 54. Rg8+ Kh5 55.
Kf5 Rf3+ 56. Ke5 h3 57. Rh8+ Kg4 58. Rg8+ Kh5 59. Rh8+ Kg4 60. Rg8+ Kh4 61. Rh8+ Kg3 62. Rg8+ Kh4 63. Rh8+ Kg3 64. Rg8+ Kf2 65. Rh8 d4 66. Kxd4 Be6 67. Ke5 Bg4 68. Kd6 Kg2 69. Kc5 h2 70. Kb6 h1=Q 71. Rxh1 Kxh1 72. Kxa6 Ra3+ 73. Kb6 Ra4 74.
Kb5 Ra1 75. Kb4 Be2 76. Kc3 Kg2 77. Kd2 Ra2+ 78. Kc3 Kf3 79. Kb3 Rd2 80. Kc3 Ke4 81. Kxd2 1/2-1/2

[Event "Live Chess"]
[Site "Chess.com"]
[Date "2023.05.21"]
[Round "-"]
[White "AttackingSnowLeopard"]
[Black "RoaringKnights"]
[Result "1-0"]
[WhiteElo "2207"]
[BlackElo "1034"]
[TimeControl "300"]
[EndTime "2:42:34 PDT"]
[Termination "AttackingSnowLeopard won by checkmate"]

1. d4 c6 2. c4 d5 3. Nf3 Bf5 4. Nc3 e6 5. Qb3 Nd7 6. Qxb7 Ne7 7. cxd5 cxd5 8. Bf4 Ng6 9. Bc7 Qc8 10. Qxc8+ Rxc8 11. Ba5 Bd6 12. e3 O-O 13. Be2 Nb6 14. O-O Nc4 15.
Bxc4 Rxc4 16. Nd2 Rc6 17. Nb5 Be7 18. Rfc1 Ra6 19. Nb3 Rb8 20. Nc7 Rd6 21. Rc3 h6 22. h3 e5 23. a3 Bd8 24. Bb4 exd4 25. Nxd4 Rd7 26. Na6 Rb6 27. Nc5 Rc7 28. Nxf5 Rcc6 29. Nd4 Rf6 30. Nd7 Rxb4 31. Nxf6+ Bxf6 32. axb4 Bxd4 33.
exd4 Kh7 34. Rxa7 h5 35. Rxf7 Kh6 36. b5 Nh8 37. b6 Nxf7 38. b7 Nd6 39. b8=Q Ne4 40.
Rc6+ Nf6 41. Qf4+ Kh7 42. Qf5+ Kh6 43. g4 hxg4 44. hxg4 g5 45. Qxf6+ Kh7 46. Rc7+ Kg8 47. Qd8# 1-0

[Event "Live Chess"]
[Site "Chess.com"]
[Date "2023.05.21"]
[Round "-"]
[White "KeithArkell"]
[Black "Pablo_dmp"]
[Result "1-0"]
[WhiteElo "2511"]
[BlackElo "1856"]
[TimeControl "300"]
[EndTime "2:43:05 PDT"]
[Termination "KeithArkell won by resignation"]

1. d4 d5 2. Nf3 Nf6 3. c4 dxc4 4.
e3 b5 5. a4 c6 6. b3 Be6 7.
bxc4 Bxc4 8. Bxc4 bxc4 9. Qc2 Qd5 10. Ba3 Nbd7 11. Nbd2 e6 12. Bxf8 Rxf8 13. Qxc4 Qxc4 14. Nxc4 Nb6 15. Nfe5 Nxc4 16. Nxc4 Kd7 17. Ke2 h5 18. Rhc1 a5 19. Nb6+ 1-0

[Event "Live Chess"]
[Site "Chess.com"]
[Date "2023.05.21"]
[Round "-"]
[White "NatashaRegan"]
[Black "GwaryTek"]
[Result "0-1"]
[WhiteElo "1739"]
[BlackElo "2048"]
[TimeControl "300"]
[EndTime "2:43:13 PDT"]
[Termination "GwaryTek won by checkmate"]

1. e4 Nf6 2. e5 Nd5 3. d4 d6 4. c4 Nb6 5. f4 dxe5 6. fxe5 c5 7.
d5 e6 8. d6 Qh4+ 9. Kd2 Qd4+ 10. Kc2 Qxe5 11. Nf3 Qxd6 12. Bd3 Nc6 13. Nc3 Nb4+ 14.
Kb3 Qxd3 15. Bd2 Qxc4+ 16. Ka3 Qa6+ 17. Kb3 c4# 0-1

[Event "Live Chess"]
[Site "Chess.com"]
[Date "2023.05.21"]
[Round "-"]
[White "TheSmoulderingMaster"]
[Black "Tech_Titan"]
[Result "1-0"]
[WhiteElo "1723"]
[BlackElo "1126"]
[TimeControl "300"]
[EndTime "2:43:19 PDT"]
[Termination "TheSmoulderingMaster won by resignation"]

1. e4 e5 2. Nf3 Nc6 3. Bb5 Bc5 4. O-O Nf6 5. c3 Nxe4 6. d4 exd4 7. Re1 d5 8. Nxd4 O-O 9. Nxc6 bxc6 10. Bxc6 Nf6 11. Bxa8 1-0

[Event "Live Chess"]
[Site "Chess.com"]
[Date "2023.05.21"]
[Round "-"]
[White "Ferrarifan27"]
[Black "stevochess11"]
[Result "1-0"]
[WhiteElo "2095"]
[BlackElo "1730"]
[TimeControl "300"]
[EndTime "2:43:27 PDT"]
[Termination "Ferrarifan27 won by resignation"]

1. e4 c6 2. d4 d5 3. e5 h5 4. h4 Nh6 5. c3 f6 6. Qxh5+ Kd7 7.
Be2 Qe8 8. Bg4+ e6 9. Qxe8+ Kxe8 10. Bxh6 Rxh6 11. Nf3 Nd7 12. Bxe6 Nb6 13. Bxc8 Rxc8 14. Nbd2 fxe5 15. Nxe5 Re6 16. O-O Bd6 17. Rae1 Ke7 18.
Ng6+ Kf6 19. Rxe6+ Kxe6 20. Nf3 Nc4 21. b3 Na3 22. Nge5 Nb5 23. c4 dxc4 24. bxc4 Nxd4 25. Nxd4+ Kxe5 26. Nf3+ Kf4 27. Rd1 Rd8 28. Ng5 Kg4 29. g3 Be7 30. Rxd8 Bxd8 31. Ne6 Bf6 32. Kg2 Kf5 33.
Nc5 b6 34. Nb3 Ke4 35. c5 b5 36. Kh3 Kd5 37. g4 Bd4 38. Nxd4 Kxd4 39. g5 Kxc5 40. h5 Kd4 41. h6 gxh6 42. gxh6 c5 43. h7 c4 44. h8=Q+ Kd3 45. Qh7+ Kc3 46. Qxa7 Kb4 47. Qd4 Ka3 48. Qc5+ Kxa2 49. Qxb5 c3 50. Qc4+ Kb2 51. Qb4+ Kc2 52. f4 Kd2 53. Qd4+ Kc2 54. f5 Kb2 55.
Qb4+ Kc2 56. f6 Kd1 57. Qxc3 1-0

[Event "Live Chess"]
[Site "Chess.com"]
[Date "2023.05.21"]
[Round "-"]
[White "RichardABates"]
[Black "PrinceCharming_1"]
[Result "1-0"]
[WhiteElo "2090"]
[BlackElo "1622"]
[TimeControl "300"]
[EndTime "2:43:37 PDT"]
[Termination "RichardABates won by resignation"]

1. d4 Nf6 2. Nf3 e6 3. c4 Bb4+ 4. Bd2 Bxd2+ 5. Qxd2 d5 6. e3 O-O 7. Nc3 c6 8. Bd3 Nbd7 9. O-O Qe7 10. e4 dxe4 11.
Nxe4 Nxe4 12. Bxe4 Nf6 13. Bc2 Qd6 14. Qe3 Ng4 15. Qg5 Nf6 16. Rad1 h6 17. Qh4 Qd8 18. Ne5 Nd7 19. Qe4 f5 20. Qe2 Nf6 21. c5 Qc7 22.
Bb3 Nd5 23. Bxd5 cxd5 24. b4 f4 25. f3 b6 26. Rc1 Qd8 27. a4 bxc5 28. dxc5 a5 29. b5 Qf6 30. c6 h5 31. Rfe1 Re8 32.
Qd3 Qf5 33. Qxf5 exf5 34. b6 Ba6 35. b7 Bxb7 36. cxb7 Rab8 37. Rc7 Re6 38. Rc8+ Re8 39. Nc6 Rexc8 40. bxc8=Q+ 1-0

[Event "Live Chess"]
[Site "Chess.com"]
[Date "2023.05.21"]
[Round "-"]
[White "MJMykh"]
[Black "Richardallis"]
[Result "0-1"]
[WhiteElo "1183"]
[BlackElo "1877"]
[TimeControl "300"]
[EndTime "2:43:44 PDT"]
[Termination "Richardallis won by checkmate"]

1. e4 d5 2. exd5 Nf6 3. Nc3 Nxd5 4. Nxd5 Qxd5 5. Nf3 Bf5 6. Bb5+ Qxb5 7. d3 e6 8. O-O Bd6 9. c4 Qa5 10. Bd2 Qa6 11.
b4 Bxd3 12. b5 Qa3 13. Re1 Bxc4 14. Nd4 Qd3 15. Be3 Qxd1 16. Rexd1 O-O 17. a4 Nd7 18.
Rdc1 Bd5 19. a5 Be5 20. h3 c5 21. Nxe6 fxe6 22. Rab1 c4 23. b6 axb6 24. axb6 Ra3 25. g3 c3 26. Kf1 Be4 27. Rb5 c2 28. Ke2 Bd3+ 29. Kd2 Bxb5 30. Kxc2 Rc8+ 31. Kd1 Rd3+ 32. Ke2 Rxe3+ 33. Kd2 Rd3+ 34. Ke2 Rxc1 35. f4 Rxg3+ 36.
Kf2 Bxf4 37. h4 Rc2+ 38. Ke1 Rg1# 0-1

[Event "Live Chess"]
[Site "Chess.com"]
[Date "2023.05.21"]
[Round "-"]
[White "Doge_Dandolo"]
[Black "lHolyDiverl"]
[Result "1-0"]
[WhiteElo "1857"]
[BlackElo "555"]
[TimeControl "300"]
[EndTime "2:43:49 PDT"]
[Termination "Doge_Dandolo won by resignation"]

1. Nf3 d5 2. d4 Nc6 3. h3 Bf5 4. Nc3 e6 5. Bf4 a6 6. e3 Nb4 7. Bd3 Nxd3+ 8. cxd3 Bb4 9. O-O Nf6 10. a3 Bd6 11. Ne5 O-O 12. g4 Bg6 13. h4 h5 14. g5 Ng4 15. Nxg4 Bxf4 16. exf4 Qd6 17. Ne5 Rac8 18. Rc1 c5 19. dxc5 Rxc5 20. d4 Rcc8 21. Na4 b5 22. Nc5 a5 23. b4 a4 24. Qe2 f6 25. Nxg6 Rf7 26. Qxh5 1-0

[Event "Live Chess"]
[Site "Chess.com"]
[Date "2023.05.21"]
[Round "-"]
[White "yeetpizza74"]
[Black "Man-Del-Brot"]
[Result "0-1"]
[WhiteElo "480"]
[BlackElo "1043"]
[TimeControl "300"]
[EndTime "2:44:18 PDT"]
[Termination "Man-Del-Brot won by checkmate"]

1. e4 e5 2. Nf3 Nc6 3. Bc4 f5 4.
exf5 e4 5. Nd4 Nxd4 6. d3 Nf6 7. Bf4 d5 8. Bb5+ Nxb5 9. dxe4 Be7 10. Be5 O-O 11.
Bxf6 Bxf6 12. O-O Be5 13. c3 Qh4 14. g3 Qxe4 15. Re1 Qxf5 16. f4 Bd6 17. Nd2 Qh3 18. b3 Bc5+ 19. Kh1 Nxc3 20. Qc2 d4 21. Ne4 Bf5 22.
a3 Rae8 23. b4 Rxe4 24. Rxe4 Bxe4+ 25. Qxe4 Nxe4 26. bxc5 c6 27. Re1 Nf2+ 28. Kg1 Ng4 29. Re4 Qxh2+ 30. Kf1 Qf2# 0-1

[Event "Live Chess"]
[Site "Chess.com"]
[Date "2023.05.21"]
[Round "-"]
[White "LiamBellwood"]
[Black "elephantgerrald"]
[Result "1-0"]
[WhiteElo "1959"]
[BlackElo "688"]
[TimeControl "300"]
[EndTime "2:44:21 PDT"]
[Termination "LiamBellwood won by checkmate"]

1. d4 d5 2. Nc3 Nf6 3. Bf4 Nc6 4. Nb5 e5 5. Bxe5 Nxe5 6. dxe5 Ne4 7. Qxd5 Qxd5 8.
Nxc7+ Kd7 9. Nxd5 Bb4+ 10. Nxb4 a5 11. O-O-O+ Ke6 12. Nd3 b6 13. Nf3 Ba6 14. e3 Bxd3 15.
Bxd3 Nxf2 16. Bc4+ Kf5 17. Nd4+ Ke4 18. Bd3+ Kxe5 19.
Rhf1 Nxd1 20. Rf5+ Kd6 21. Kxd1 Rae8 22. Rxf7 Rxe3 23.
Nf5+ Ke6 24. Re7+ Kf6 25. Rxe3 Kg5 26. Rg3+ Kf4 27. Rxg7 h5 28. Ke2 h4 29. g3+ hxg3 30. hxg3+ Ke5 31. Re7+ Kf6 32. Rb7 Re8+ 33. Kf3 Re6 34. g4 Kg5 35. Ng3 Rf6+ 36. Kg2 Rf4 37. Rg7+ Kh4 38. Nf5+ Rxf5 39. gxf5 Kh5 40. f6 Kh6 41.
Rg6+ Kh7 42. f7 Kh8 43. f8=Q+ Kh7 44. Qg8# 1-0

[Event "Live Chess"]
[Site "Chess.com"]
[Date "2023.05.21"]
[Round "-"]
[White "Singapourfeuj"]
[Black "mliszewski"]
[Result "1-0"]
[WhiteElo "2195"]
[BlackElo "1814"]
[TimeControl "300"]
[EndTime "2:44:27 PDT"]
[Termination "Singapourfeuj won by resignation"]

1. d4 d5 2. c4 e5 3. cxd5 Qxd5 4. Nf3 e4 5. Nc3 Bb4 6. Ne5 c5 7. Qa4+ Nc6 8. e3 Bxc3+ 9. bxc3 Ne7 10. Bc4 b5 11.
Bxd5 bxa4 12. Bxc6+ Nxc6 13. Nxc6 O-O 14. Ne7+ Kh8 15.
Nxc8 Raxc8 16. O-O cxd4 17. cxd4 f5 18. Ba3 Rfd8 19.
Rfc1 Rb8 20. Rab1 g6 21. g3 Kg7 22. h4 Kf6 23. Rc6+ Kg7 24. Rc7+ Kg8 25. Rxb8 Rxb8 26.
Rxa7 Rb1+ 27. Kg2 Ra1 28. Rxa4 Rxa2 29. Ra7 h6 30. Bc5 Rc2 31. Bd6 g5 32. Be5 gxh4 33.
gxh4 Rc6 34. h5 Rc1 35. Bf4 1-0

[Event "Live Chess"]
[Site "Chess.com"]
[Date "2023.05.21"]
[Round "-"]
[White "ms_lilley"]
[Black "worldchessleaguelive"]
[Result "0-1"]
[WhiteElo "606"]
[BlackElo "1338"]
[TimeControl "300"]
[EndTime "2:44:39 PDT"]
[Termination "worldchessleaguelive won by checkmate"]

1. d4 d5 2. e3 Nf6 3. h3 e6 4.
Nf3 c5 5. c3 c4 6. b4 a6 7. a4 Be7 8. Ba3 O-O 9. a5 b5 10.
Be2 Bb7 11. Ne5 Nbd7 12. Nxd7 Qxd7 13. O-O Ne4 14. Nd2 Nxc3 15. Qc2 Nxe2+ 16. Kh1 Bh4 17.
Nf3 Ng3+ 18. fxg3 Bxg3 19. Ng5 g6 20. Qe2 f6 21. Qg4 fxg5 22. Rxf8+ Rxf8 23. Qxg3 Qe7 24. Qg4 Bc8 25. Kh2 e5 26. Qg3 exd4 27. exd4 Qf6 28.
Re1 Qf4 29. Re7 Qxg3+ 30. Kxg3 Bf5 31. Bc1 Be4 32. Bxg5 c3 33. Bh6 c2 34. Bc1 Rf1 35. Ra7 Rxc1 36. Ra8+ Kg7 37. Ra7+ Kh6 38. Rxa6 Rd1 39.
Ra8 c1=Q 40. Rd8 Qe3+ 41. Kh2 Qf4+ 42. g3 Qf2# 0-1

[Event "Live Chess"]
[Site "Chess.com"]
[Date "2023.05.21"]
[Round "-"]
[White "Greenbecker"]
[Black "SupremeTactician"]
[Result "1/2-1/2"]
[WhiteElo "1644"]
[BlackElo "2254"]
[TimeControl "300"]
[EndTime "2:44:48 PDT"]
[Termination "Game drawn by agreement"]

1. e4 e5 2. Nf3 Nc6 3. Bb5 a6 4.
Ba4 Nf6 5. O-O Nxe4 6. Re1 Be7 7.
Rxe4 b5 8. Bb3 d5 9. Re1 e4 10. Nc3 exf3 11. Qxf3 Be6 12. d3 Nd4 13. Qd1 Nxb3 14. axb3 O-O 15. Qf3 c6 16. Bf4 Bf6 17. Be5 Bxe5 18. Rxe5 Qd6 19. Rae1 Rae8 20. d4 f6 21.
R5e3 Bf7 22. Rxe8 Rxe8 23. Rxe8+ Bxe8 24. Qe3 Kf7 25. h3 Qe6 26. Qd2 h6 27. Ne2 Qe4 28.
c3 Bd7 29. Ng3 Qb1+ 30. Kh2 g5 31. Qe2 Qg6 32. Qh5 Qxh5 33. Nxh5 f5 34. Ng3 f4 35. Ne2 Kf6 36. f3 Bf5 37. Kg1 Bc2 38. Nc1 Kf5 39. Kf2 h5 40. Ke2 g4 41. hxg4+ hxg4 42. fxg4+ Kxg4 43. Kf2 Bd1 44. b4 Bc2 45. Ne2 Bd3 46.
Nc1 Be4 47. Nb3 Bf5 48. Nc5 Bc8 49. Nd3 1/2-1/2

[Event "Live Chess"]
[Site "Chess.com"]
[Date "2023.05.21"]
[Round "-"]
[White "Duke_of_Bebington"]
[Black "martynstanley"]
[Result "1-0"]
[WhiteElo "1587"]
[BlackElo "1014"]
[TimeControl "300"]
[EndTime "2:44:59 PDT"]
[Termination "Duke_of_Bebington won by checkmate"]

1. e4 e6 2. d4 d5 3. Nd2 c5 4. c3 Nc6 5. Ngf3 Qb6 6. Bd3 Nh6 7. h3 f5 8. exf5 Nxf5 9. Bxf5 exf5 10. Qe2+ Be7 11.
dxc5 Qxc5 12. Nb3 Qd6 13. O-O O-O 14. Nbd4 Nxd4 15. Nxd4 b6 16. Re1 Bb7 17. Qxe7 Qxe7 18. Rxe7 Rab8 19. Bf4 Rf7 20. Rxf7 Kxf7 21. Bxb8 g6 22.
Bxa7 b5 23. Re1 Kf6 24. Nxb5 Bc6 25. Nd4 Bd7 26. Bc5 h6 27. a4 Bxa4 28. Re6+ Kg5 29.
h4+ Kxh4 30. Rxg6 Bd1 31. Nxf5+ Kh5 32. Rd6 Bc2 33. Rxd5 Bxf5 34. Rxf5+ Kg6 35. g4 h5 36. f3 hxg4 37. fxg4 Kg7 38. b4 Kg6 39. b5 Kg7 40. b6 Kg6 41. b7 Kg7 42. b8=Q Kg6 43. Qg8+ Kh6 44. Rh5# 1-0

[Event "Live Chess"]
[Site "Chess.com"]
[Date "2023.05.21"]
[Round "-"]
[White "AttackingSnowLeopard"]
[Black "Ian-Morley"]
[Result "1-0"]
[WhiteElo "2207"]
[BlackElo "1075"]
[TimeControl "300"]
[EndTime "2:45:14 PDT"]
[Termination "AttackingSnowLeopard won by resignation"]

1. e4 e5 2. Nf3 d6 3. d4 Bg4 4.
dxe5 Bxf3 5. Qxf3 dxe5 6. Bc4 Qf6 7. Qb3 b6 8. Be3 c5 9. O-O Nc6 10. Nc3 Nd4 11. Qa4+ Qc6 12. Qxc6+ Nxc6 13. Bb5 Ne7 14. Nd5 Kd7 15. Nxe7 Bxe7 16. Rfd1+ Kc7 17. Rd5 Rad8 18. Bxc6 Kxc6 19. c4 Rxd5 20. exd5+ Kd6 21. a4 Bf6 22. a5 e4 23. axb6 axb6 24. Ra6 Bxb2 25.
Rxb6+ Kd7 26. Rxb2 Re8 27. Bxc5 f5 28. g3 g5 29.
Rb7+ Kc8 30. Rxh7 f4 31. d6 e3 32. d7+ 1-0

[Event "Live Chess"]
[Site "Chess.com"]
[Date "2023.05.21"]
[Round "-"]
[White "WilliamofOrange16th"]
[Black "apl_trainer"]
[Result "1-0"]
[WhiteElo "1860"]
[BlackElo "1750"]
[TimeControl "300"]
[EndTime "2:45:18 PDT"]
[Termination "WilliamofOrange16th won on time"]

1. e4 c5 2. b4 cxb4 3. a3 e5 4. Nf3 Nc6 5. Bb2 d5 6. exd5 Qxd5 7. Nxe5 Nxe5 8. Qe2 Nf6 9. Qxe5+ Qxe5+ 10. Bxe5 Bd7 11.
axb4 Bxb4 12. c3 Be7 13. Bd4 O-O 14. Bd3 Bc6 15. O-O a6 16. Bf5 Nd5 17. Na3 Nf4 18. Rfe1 Bxa3 19. Rxa3 Nxg2 20. Re7 Nh4 21. Bc2 Nf3+ 22.
Kf1 Rfe8 23. Rxe8+ Rxe8 24. Be3 Nxh2+ 25. Ke2 Ng4 26.
f3 Nxe3 27. dxe3 g6 28. e4 h5 29. Ra1 Rd8 30. Rg1 Kf8 31. f4 a5 32. Ke3 a4 33. c4 Ra8 34. f5 gxf5 35. exf5 a3 36.
f6 Ke8 37. Bb3 Kd7 38. Kf4 Kd6 39. Re1 h4 40. Ba2 h3 41. Kg3 Rh8 42. Kh2 Kc5 43. Re7 Rh7 44. Re3 Kd4 45. Rxa3 Bg2 46. Rb3 Rh6 47. Rb6 Kc5 48. Rb5+ Kd4 49. Rf5 Ke4 50. Rf2 Ke3 51. Rf5 Ke4 52. Rb5 Rxf6 53. Rxb7 Rf1 54. c5 1-0

[Event "Live Chess"]
[Site "Chess.com"]
[Date "2023.05.21"]
[Round "-"]
[White "RichardABates"]
[Black "Richardallis"]
[Result "1-0"]
[WhiteElo "2102"]
[BlackElo "1872"]
[TimeControl "300"]
[EndTime "2:45:23 PDT"]
[Termination "RichardABates won by resignation"]

1. d4 c5 2. d5 d6 3. e4 e5 4. Nc3 a6 5. a4 Nf6 6. h4 Be7 7. g3 O-O 8. Bh3 Bxh3 9. Rxh3 Qc8 10.
Bg5 Nbd7 11. g4 h6 12. Be3 Nb6 13. g5 hxg5 14. hxg5 1-0